 Dungeon Crawl Stone Soup version 0.31.0-12-g77e489cdc1 (webtiles) character file.

Game seed: 4138383605568544383

7339 jasper the Summoner (level 10, -5/60 HPs)
             Began as a Deep Elf Summoner on Feb 29, 2024.
             Was an Elder of Cheibriados.
             Slain by a vampire (11 damage)
             ... on level 11 of the Dungeon.
             The game lasted 00:22:09 (11229 turns).

jasper the Summoner (Deep Elf Summoner)            Turns: 11229, Time: 00:22:10

Health: -5/60      AC: 12    Str: 15    XL:     10   Next: 91%
Magic:  14/17      EV: 18    Int: 35    God:    Cheibriados [****..]
Gold:   316        SH:  0    Dex: 25    Spells: 6/15 levels left

rFire   . . .        H - +5 trident (venom)
rCold   . . .        (no shield)
rNeg    . . .        i - +0 ring mail
rPois   .            z - +0 helmet
rElec   .            w - +2 cloak of the Thief {*Fog Slay-2 SInv Stlth+}
rCorr   .            (no gloves)
SInv    +            p - +0 pair of boots
Will    +....        (no amulet)
Stlth   ++           (no ring)
HPRegen 0.30/turn    (no ring)
MPRegen 0.15/turn

%: no passive effects
@: confused, ambrosia-drunk, inugami summoned, very slow
A: no striking features
a: Renounce Religion, Bend Time, Temporal Distortion, Slouch


You were on level 11 of the Dungeon.
You worshipped Cheibriados.
Cheibriados was greatly pleased with you.
You visited 2 branches of the dungeon, and saw 12 of its levels.

You collected 646 gold pieces.
You spent 330 gold pieces at shops.

Inventory:

Hand Weapons
 d - a +0 short sword
 q - a +0 hand axe of freezing
 r - a +1 vampiric spear
 D - a +4 vampiric trident
 H - a +5 trident of venom (weapon)
Missiles
 e - 111 stones
 h - 2 javelins
Armour
 a - a +0 robe
 c - a +1 leather armour
 i - a +0 ring mail (worn)
 p - a +0 pair of boots (worn)
 w - the +2 cloak of the Thief (worn) {*Fog Slay-2 SInv Stlth+}
   (You bought it in a shop on level 2 of the Dungeon)

   *Fog:      It may release a thick cloud of smoke when the wearer is hurt.
   Slay-2:    It affects your accuracy & damage with ranged weapons and melee
   (-2).
   SInv:      It lets you see invisible.
   Stlth+:    It makes you more stealthy.
 z - a +0 helmet (worn)
 G - a +0 scale mail of positive energy
Magical Staves
 l - a staff of alchemy
Jewellery
 j - an amulet of faith
Wands
 n - a wand of polymorph (5)
 u - a wand of paralysis (17)
 E - a wand of acid (3)
Scrolls
 b - 4 scrolls of vulnerability
 f - a scroll of blinking
 x - 2 scrolls of enchant weapon
 y - a scroll of teleportation
Potions
 g - a potion of cancellation
 k - 4 potions of mutation
 m - 2 potions of magic
 o - a potion of ambrosia
 s - 2 potions of brilliance
 t - 2 potions of enlightenment
 v - a potion of resistance {unknown}
 A - 2 potions of might {unknown}
 B - a potion of degeneration {unknown}
 C - a potion of lignification {unknown}


   Skills:
 + Level 5.8 Fighting
 + Level 5.7 Armour
 + Level 8.8 Dodging
 - Level 2.4 Stealth
 - Level 3.0 Spellcasting
 - Level 10.0 Summonings
 - Level 5.0 Air Magic
 + Level 6.9 Invocations


You had 6 spell levels left.
You knew the following spells:

 Your Spells              Type           Power      Damage    Failure   Level
a - Summon Lightning Spi  Summ/Air       55%        N/A       4%          4
b - Call Imp              Summ           100%       N/A       1%          2
c - Call Canine Familiar  Summ           66%        N/A       1%          3

Your spell library contained the following spells:

 Spells                   Type           Power      Damage    Failure   Level
 Summon Small Mammal      Summ           100%       N/A       1%          1
 Static Discharge         Conj/Air       44%        3-5/arc   4%          2
 Freeze                   Ice            20%        1d4       10%         1
 Airstrike                Air            20%        2d(3-19)  12%         4
 Animate Armour           Summ/Erth      80%        N/A       12%         4
 Summon Blazeheart Golem  Fire/Summ      40%        N/A       12%         4
 Ensorcelled Hibernation  Hex/Ice        10%        N/A       14%         2
 Frozen Ramparts          Ice            10%        1d2       28%         3
 Fugue of the Fallen      Necr           5%         N/A       28%         3
 Hailstorm                Conj/Ice       5%         3d5       28%         3
 Stone Arrow              Conj/Erth      10%        3d7       28%         3
 Anguish                  Hex/Necr       2%         N/A       67%         4
 Lehudib's Crystal Spear  Conj/Erth      2%         10d2      100%        8


Dungeon Overview and Level Annotations

Branches:
Dungeon (11/15)            Temple (1/1) D:6             Orc (0/2) D:10
   Lair: D:8-11

Altars:
Ashenzari
Cheibriados
Dithmenos
Elyvilon
Fedhas
Gozag
Hepliaklqana
Kikubaaqudgha
Makhleb
Nemelex Xobeh
Okawaru
Qazlal
Ru
Sif Muna
Trog
Uskayaw
Vehumet
Wu Jian
Xom
Yredelemnul
Zin
The Shining One

Shops:
D:2 [   D:9 [?**

Annotations:
D:4 2 transporters


Message History

Your inugami hits the vampire but does no damage.
The vampire gestures at you while chanting.
You easily resist.
Unknown command.
You feel better.
Your inugami hits the vampire.
The vampire hits you but does no damage.
The vampire closely misses you.
Unknown command.
Unknown command.
Casting: Summon Lightning Spire (dangerous; 4% risk of failure)
Confirm with . or Enter, or press ? or * to list all spells.
An electric hum fills the air.
Your inugami hits the vampire but does no damage.
The vampire misses you. x2
Unknown command.
Your inugami hits the vampire. The vampire attacks as it pursues you!
The vampire closely misses you. The vampire misses you.
Your inugami hits the vampire! You barely miss the vampire.
The vampire is severely damaged.
The vampire completely misses you. x2
Your inugami hits the vampire but does no damage.
The vampire draws life force from you!
* * * LOW HITPOINT WARNING * * *
The vampire is healed by the life force!
Unknown command.
The vampire closely misses you. The vampire misses you.
Your inugami hits the vampire but does no damage.
The vampire completely misses you. The vampire bites you.
* * * LOW HITPOINT WARNING * * *
The vampire draws strength from your injuries!
Your inugami closely misses the vampire.
Your magical contamination has completely faded away.
Your inugami hits the vampire! The vampire closely misses you.
The vampire misses you.
You are confused.
You feel invigorated.
Your inugami closely misses the vampire.
The vampire hits you!
You die...

.# #.# #.#
#.# #§#
##§#####
##.@8...#
..###§hV###.#
.....§§#§§##
.#.###§§§§§#
##§§§## ##.##
#)# #.# ##)##


You could see a vampire (invisible, ally target), a friendly lightning spire
(summoned) and a friendly inugami (summoned).

Vanquished Creatures
  A kobold demonologist (D:10)
  A yak (D:9)
  An ogre (D:5)
  A kobold brigand (D:10)
  Blork the orc (D:5)
  2 wights (D:9)
  2 killer bees
  2 jellies
  An orc wizard (D:11)
  4 gnolls
  3 adders
  2 white imps
  A dart slug (D:2)
  3 orcs
  3 ball pythons
  3 endoplasms
  A giant cockroach (D:2)
  4 goblins
  A hobgoblin (D:2)
  2 quokkas
  4 bats
  A frilled lizard (D:1)
  7 kobolds
  3 rats
54 creatures vanquished.

Vanquished Creatures (collateral kills)
  A death yak (D:8)
  A kobold demonologist (D:10)
  Jeremiah (D:6)
  A troll (D:10)
  Prince Ribbit (D:7)
  Sigmund (D:2)
  2 yaks (D:9)
  A shadow (D:10)
  A basilisk (D:9)
  A steam dragon (D:8)
  3 vampire mosquitoes (D:11)
  3 black bears
  2 orc warriors
  An ogre (D:5)
  3 centaurs
  3 kobold brigands
  2 gnoll sergeants
  A bullfrog (D:9)
  3 scorpions
  19 wights
  11 killer bees
  An electric eel (D:9)
  A bombardier beetle (D:5)
  A hound (D:7)
  4 jellies
  A gnoll bouda (D:6)
  2 orc priests
  2 iguanas
  3 orc wizards
  Ijyb (D:5)
  22 gnolls
  3 adders
  A river rat (D:9)
  2 shadow imps (D:6)
  A white imp (D:7)
  A dart slug (D:5)
  2 ribbon worms (D:3)
  28 orcs
  9 endoplasms
  4 giant cockroaches
  6 goblins
  2 hobgoblins
  2 jackals (D:4)
  13 kobolds
  2 quokkas
  3 ball pythons (D:1)
  5 bats
  A frilled lizard (D:1)
  9 rats
194 creatures vanquished.

Grand Total: 248 creatures vanquished

Notes
Turn   | Place    | Note
-------+----------+-------------------------------------------
     0 | D:1      | jasper the Deep Elf Summoner began the quest for the Orb.
     0 | D:1      | Reached XP level 1. HP: 10/10 MP: 6/6
   202 | D:1      | Reached XP level 2. HP: 15/15 MP: 5/8
   207 | D:1      | Reached skill level 5 in Summonings
   214 | D:1      | Learned a level 2 spell: Call Imp
   941 | D:2      | Reached XP level 3. HP: 19/19 MP: 6/9
   945 | D:2      | Learned a level 3 spell: Call Canine Familiar
  1105 | D:2      | Reached skill level 6 in Summonings
  1146 | D:2      | Reached XP level 4. HP: 9/24 MP: 5/10
  1644 | D:2      | Found a faded altar of an unknown god.
  1745 | D:2      | Noticed Sigmund
  1870 | D:2      | Killed Sigmund
  1871 | D:2      | Reached skill level 7 in Summonings
  1871 | D:2      | Reached XP level 5. HP: 13/28 MP: 3/11
  1876 | D:2      | Learned a level 4 spell: Summon Lightning Spire
  2167 | D:2      | Found Pomub's Armour Shop.
  2431 | D:3      | Reached XP level 6. HP: 32/32 MP: 12/12
  2464 | D:3      | Reached skill level 8 in Summonings
  2540 | D:3      | Reached skill level 1 in Air Magic
  3378 | D:4      | Found a transporter.
  3560 | D:4      | Found a transporter.
  3568 | D:4      | Reached XP level 7. HP: 33/36 MP: 10/13
  4181 | D:5      | Entered Level 5 of the Dungeon
  4199 | D:5      | Reached skill level 5 in Air Magic
  4278 | D:5      | Noticed Ijyb
  4288 | D:5      | Killed Ijyb
  4484 | D:5      | Reached skill level 9 in Summonings
  4683 | D:2      | Bought the +2 cloak of the Thief {*Fog Slay-2 SInv Stlth+}
                  | for 241 gold pieces
  4683 | D:2      | Found the +2 cloak of the Thief {*Fog Slay-2 SInv Stlth+}
  4787 | D:5      | Noticed Blork the orc
  4807 | D:5      | Killed Blork the orc
  5368 | D:5      | Reached XP level 8. HP: 18/41 MP: 14/14
  5662 | D:5      | Reached skill level 10 in Summonings
  6031 | D:6      | Reached skill level 1 in Fighting
  6045 | D:6      | Reached skill level 1 in Armour
  6491 | D:6      | Found a staircase to the Ecumenical Temple.
  6512 | Temple   | Entered the Ecumenical Temple
  6553 | Temple   | Became a worshipper of Cheibriados the Contemplative
  6776 | D:6      | Found a radiant altar of Vehumet.
  6842 | D:6      | Noticed Jeremiah
  6867 | D:6      | Killed Jeremiah
  6868 | D:6      | Reached skill level 1 in Invocations
  7297 | D:7      | Reached XP level 9. HP: 38/49 MP: 6/15
  7307 | D:7      | Reached skill level 5 in Dodging
  7423 | D:7      | Reached * piety under Cheibriados
  7924 | D:7      | Noticed Prince Ribbit
  7932 | D:7      | Killed Prince Ribbit
  8277 | D:8      | Reached ** piety under Cheibriados
  8849 | D:8      | Noticed a death yak
  8849 | D:8      | Noticed a death yak
  8849 | D:8      | Noticed a death yak
  8850 | D:8      | Noticed a death yak
  8862 | D:8      | Killed a death yak
  8863 | D:8      | Reached skill level 5 in Invocations
  8863 | D:8      | Reached XP level 10. HP: 22/58 MP: 4/16
  9017 | D:9      | Reached *** piety under Cheibriados
  9251 | D:9      | Found Qiludion's Assorted Antiques.
  9253 | D:9      | Found Teschuisch's Magic Scroll Shop.
  9430 | D:9      | Reached skill level 5 in Fighting
  9431 | D:9      | Bought a scroll of teleportation for 66 gold pieces
  9669 | D:9      | Found Myqio's Assorted Antiques.
  9676 | D:9      | Bought a scroll labelled YJOWOI WOFI for 23 gold pieces
  9785 | D:9      | Reached skill level 5 in Armour
  9881 | D:9      | Found Laneupe's Armour Emporium.
 10200 | D:9      | Reached **** piety under Cheibriados
 10360 | D:10     | Entered Level 10 of the Dungeon
 10692 | D:10     | Noticed a soul eater
 10852 | D:10     | Found a staircase to the Orcish Mines.
 11006 | D:10     | Found a basalt altar of Yredelemnul.
 11225 | D:11     | HP: 2/60 [vampire/vampiric draining (16)]
 11229 | D:11     | Slain by a vampire

Illustrated notes

Levels and vault maps discovered:
D:1:      spicycebolla_arrival_clurvy, layout_rooms, st_stairs_10,
          minmay_3d_cube
D:2:      layout_basic, chequers_ecumenical_altar_simple_redux, serial_shops,
          shop, uniq_sigmund
D:3:      layout_loops_ring
D:4:      gammafunk_wand_slinger, layout_loops_cross, nicolae_grassy_gnolls
D:5:      layout_basic, uniq_blork_the_orc, uniq_ijyb
D:6:      layout_basic, mainiacjoe_overflow_alcove_4, temple_green,
          uniq_jeremiah
D:7:      layout_gridville, uniq_prince_ribbit1
D:8:      layout_basic, dpeg_lair_monsters, amethyst_killhole,
          grunt_decor_one_mirror
D:9:      layout_cave_pods, serial_shops, shop, shop, shop, shop,
          disabler_island
D:10:     layout_big_octagon, mainiacjoe_overflow_alcove_1, orc_0_dummy
D:11:     gammafunk_worm_tunnel, layout_loops_corners,
          nicolae_gozag_seed_capital
Temple:   mainiacjoe_temple_cubbyholes

Skill      XL: |  1  2  3  4  5  6  7  8  9 10 |
---------------+-------------------------------+-----
Summonings     | 5 6 7 8 9 10 | 10.0
Air Magic      | 4 5 |  5.0
Fighting       | 2 4 5 |  5.8
Dodging        | 4 7 8 |  8.8
Armour         | 2 4 5 |  5.7
Invocations    | 2 5 6 |  6.9
Stealth        | |  2.4
Spellcasting   | |  3.0

Action                     |  1- 3 |  4- 6 |  7- 9 | 10-12 || total
---------------------------+-------+-------+-------+-------++-------
  Melee: Unarmed           |     3 |       |       |       ||     3
         Short sword       |    26 |    53 |       |       ||    79
         Spear             |       |     1 |   153 |       ||   154
         Punch             |       |     1 |     2 |     1 ||     4
         Trident           |       |       |    46 |    58 ||   104
   Cast: Summon Small Mamm |    15 |     1 |       |       ||    16
         Call Imp          |    22 |     9 |     3 |     2 ||    36
         Call Canine Famil |     2 |    16 |    34 |    17 ||    69
         Summon Lightning  |       |     2 |    21 |    22 ||    45
  Evoke: Wand              |       |       |       |     6 ||     6
    Use: Scroll            |     2 |     7 |       |    10 ||    19
         Potion            |     2 |     3 |     5 |     2 ||    12
   Stab: Sleeping          |       |     3 |     3 |       ||     6
         Distracted        |       |     1 |     7 |     2 ||    10
         Invisible         |       |       |     1 |       ||     1
 Armour: Leather armour    |    31 |    47 |   144 |    24 ||   246
         Ring mail         |       |       |       |    44 ||    44
  Dodge: Dodged            |    26 |    49 |   161 |   144 ||   380
